Map: Oceanborn LE

Players

LiquidMaNa (MaNa) - Winner!

  • Race: Protoss Protoss
  • League: Grandmaster
  • Spawn Location: 11:00

Fjant

  • Race: Zerg Zerg
  • League: Grandmaster
  • Spawn Location: 5:00

Event: HomeStory Cup XXV

VOD

Have the link to the VOD?

Description

Time

  • Played on: June 21, 2024, 10 a.m.
  • Length: 8:27

All games in this series

Show
View Real Time Build Order
Export as new Build Order

LiquidMaNa Protoss - Winner!

Build Orders: 1 Gate Expand, Oracle Opening 

Get SALT Encoding   

  12  0:00  Probe  
  13  0:12  Probe  
  14  0:24  Probe  
  14  0:25  Pylon  
  15  0:32  Assimilator  
  15  0:43  Probe (Chrono Boost)  
  15  0:48  Gateway  
  16  0:52  Probe (Chrono Boost)  
  17  0:57  Probe (Chrono Boost)  
  18  1:09  Probe (Chrono Boost)  
  19  1:15  Probe (Chrono Boost)  
  20  1:24  Probe  
  21  1:31  Nexus  
  21  1:42  Cybernetics Core  
  21  1:44  Probe  
  22  1:52  Assimilator  
  22  1:56  Pylon  
  22  1:58  Probe  
  23  2:14  Probe  
  24  2:17  Adept (Chrono Boost)  
  24  2:18  Stargate  
  26  2:25  Warp Gate  
  26  2:26  Probe  
  27  2:37  Adept (Chrono Boost)  
  27  2:38  Probe  
  27  2:41  Pylon  
  27  2:43  Probe  
  31  2:50  Probe  
  32  2:52  Pylon  
  32  2:56  Probe  
  33  3:02  Adept, Probe  
  36  3:06  Oracle (Chrono Boost)  
  36  3:09  Probe  
  40  3:17  Pylon  
  40  3:24  Probe  
  41  3:28  Probe  
  41  3:32  Gateway  
  42  3:36  Oracle (Chrono Boost), Probe  
  44  3:46  Probe  
  45  3:48  Probe  
  45  3:50  Twilight Council  
  45  3:53  Forge  
  46  4:00  Probe x2  
  46  4:12  Nexus  
  46  4:13  Probe (Chrono Boost)  
  46  4:15  Probe (Chrono Boost)  
  46  4:16  Adept, Protoss Ground Weapons Level 1 (Chrono Boost)  
  50  4:26  Stalker  
  50  4:30  Probe x2 (Chrono Boost)  
  54  4:32  Pylon  
  54  4:37  Charge (Chrono Boost)  
  54  4:42  Gateway  
  54  4:49  Gateway  
  54  4:50  Probe x2  
  56  4:55  Gateway  
  56  4:58  Gateway  
  56  5:02  Probe  
  56  5:05  Probe  
  57  5:14  Probe  
  57  5:16  Zealot x2  
  57  5:17  Probe  
  61  5:22  Shield Battery  
  61  5:25  Probe  
  61  5:26  Probe  
  63  5:29  Pylon, Probe  
  64  5:36  Pylon  
  64  5:37  Probe  
  64  5:38  Zealot x3  
  64  5:41  Probe  
  72  5:43  Zealot, Probe  
  76  5:50  Pylon  
  76  5:53  Probe  
  75  5:57  Zealot x2  
  75  5:58  Zealot x3  
  75  6:00  Probe x2, Protoss Ground Weapons Level 2 (Chrono Boost)  
  87  6:05  Probe  
  87  6:07  Blink (Chrono Boost)  
  85  6:25  Zealot x6  
  89  6:28  Probe  
  89  6:29  Probe  
  89  6:30  Probe  
  98  6:40  Probe  
  98  6:41  Probe  
  98  6:43  Probe  
  98  6:45  Stalker x2  
  101  6:48  Pylon  
  101  6:49  Pylon  
  95  6:55  Stalker x3  
  95  6:56  Stalker, Probe  
  92  7:15  Stalker x2  
  90  7:22  Stalker x3  
  92  7:23  Nexus  
  92  7:25  Stalker  
  92  7:29  Pylon  
  94  7:32  Photon Cannon  
  94  7:34  Probe x2  
  96  7:39  Gateway  
  96  7:41  Gateway  
  96  7:42  Gateway  
  96  7:43  Stalker  
  98  7:44  Stalker, Photon Cannon  
  98  7:45  Zealot x3  
  98  7:49  Zealot  
  98  7:51  Probe x2  
  110  8:01  Gateway  
  110  8:02  Probe, Pylon  
  111  8:06  Zealot x4  
  111  8:21  Zealot x2  
Show
View Real Time Build Order
Export as new Build Order

Fjant Zerg 

Build Orders: Hatch First 

Get SALT Encoding   

  12  0:00  Drone  
  13  0:13  Overlord  
  13  0:17  Drone  
  14  0:31  Drone x2  
  16  0:48  Hatchery  
  15  0:53  Drone  
  15  0:56  Drone  
  17  0:59  Drone  
  18  1:10  Extractor  
  17  1:14  Spawning Pool  
  17  1:17  Drone  
  17  1:22  Drone  
  18  1:29  Drone  
  19  1:42  Drone  
  20  1:51  Overlord  
  20  2:01  Zergling x2, Queen x2  
  22  2:03  Zergling x2  
  26  2:11  Metabolic Boost  
  26  2:13  Drone  
  27  2:16  Drone  
  28  2:28  Drone x2  
  30  2:44  Zergling x2  
  31  2:45  Overlord  
  31  2:46  Drone  
  31  2:47  Drone  
  33  2:54  Drone x2  
  34  3:06  Queen  
  34  3:07  Queen  
  34  3:09  Zergling x4  
  39  3:15  Overlord  
  39  3:18  Zergling x2  
  39  3:19  Overlord  
  40  3:20  Overlord  
  40  3:24  Drone  
  41  3:33  Drone x4  
  44  3:40  Hatchery  
  42  3:45  Drone x3  
  44  3:55  Queen x2  
  44  3:59  Drone x2  
  50  4:04  Drone  
  50  4:06  Spore Crawler  
  48  4:13  Drone x2  
  50  4:18  Overlord  
  50  4:19  Zergling x6  
  50  4:21  Overlord  
  50  4:23  Drone x2  
  54  4:27  Drone  
  55  4:36  Zergling x2  
  56  4:38  Drone  
  56  4:40  Spore Crawler  
  56  4:42  Drone  
  56  4:50  Drone x3  
  56  4:55  Drone x3  
  56  4:59  Overlord  
  59  5:06  Drone x2, Overlord  
  60  5:11  Overlord  
  60  5:13  Drone  
  61  5:15  Drone x2  
  61  5:16  Drone x2  
  61  5:18  Extractor  
  61  5:20  Drone x2  
  65  5:25  Extractor  
  64  5:28  Hatchery  
  64  5:31  Drone x5, Spore Crawler  
  64  5:34  Overlord  
  67  5:36  Lair  
  67  5:37  Roach Warren, Drone  
  67  5:41  Drone  
  68  5:43  Drone x4  
  68  5:46  Overlord  
  72  5:53  Drone  
  72  5:55  Drone  
  74  5:59  Extractor  
  74  6:00  Extractor, Evolution Chamber  
  74  6:01  Drone x3, Extractor  
  74  6:02  Drone x3  
  74  6:03  Drone x2  
  78  6:16  Drone x3  
  79  6:20  Spore Crawler  
  79  6:25  Roach x7  
  90  6:28  Roach  
  90  6:29  Roach x2  
  94  6:37  Roach x2  
  96  6:40  Roach  
  95  6:48  Roach  
  95  6:50  Zergling x2  
  90  6:55  Roach  
  90  6:58  Zergling x4  
  77  7:09  Roach x2  
  74  7:19  Roach x3  
  79  7:29  Drone x3  
  81  7:35  Roach x3  
  87  7:39  Roach  
  89  7:45  Roach  
  89  7:50  Roach x2  
  94  7:52  Roach x2  
  94  7:56  Roach x2  
  102  7:58  Zergling x2  
  102  7:59  Zergling x2  
  102  8:04  Spore Crawler  
  105  8:08  Roach x2  
Tags
 
Add a new tag
Caveats
  • Supply blocks, unpowered buildings, or Contaminate may cause inaccurate times.
  • Supply counts are checked every 10 seconds.